[Event "*** Titled Tuesday Blitz"]
[Site "Chess.com"]
[Date "2020.02.04"]
[Round "4"]
[White "Sanan_Sjugirov"]
[Black "Sibelephant"]
[Result "1-0"]
[WhiteElo "2844"]
[BlackElo "3054"]
[TimeControl "180+2"]
[EndTime "13:50:52 PST"]
[Termination "Sanan_Sjugirov won by resignation"]

1. e4 e5 2. Nf3 Nc6 3. Bb5 g6 4. c3 a6 5. Ba4 d6 6. d4 Bd7 7.
O-O Bg7 8. Re1 Nge7 9. dxe5 dxe5 10. Nbd2 O-O 11. Bc2 Nc8 12. Qe2 Qe7 13. Nc4 h6 14. b3 Rd8 15. Ba3 Qf6 16. Ne3 Be6 17. Rad1 Nb6 18.
c4 Nd4 19. Nxd4 exd4 20. Nd5 Bxd5 21. exd5 Qh4 22. Be7 Qf4 23. g3 d3 24. Bxd3 Qd4 25.
Bxg6 Qc3 26. Bxf7+ Kh8 27. Rd3 Qa5 28. b4 Qa4 29. Bxd8 Rxd8 30. Re3 Qxb4 31. Re8+ Rxe8 32. Qxe8+ Bf8 33. Re4 Nd7 34. Qe6 Bg7 35. Kg2 Nf8 36. Qf5 Qb1 37. c5 Qd3 38. Rf4 Qd2 39. Be6 Qxa2 40.
Qf7 Nxe6 41. dxe6 Qd5+ 42. Rf3 1-0

[Event "*** Titled Tuesday Blitz"]
[Site "Chess.com"]
[Date "2020.02.04"]
[Round "4"]
[White "FrogMist"]
[Black "MateusViageiro"]
[Result "1-0"]
[WhiteElo "2393"]
[BlackElo "2185"]
[TimeControl "180+2"]
[EndTime "13:50:53 PST"]
[Termination "FrogMist won by checkmate"]

1. e4 c5 2. Nf3 d6 3. d4 cxd4 4. Nxd4 Nf6 5. Nc3 a6 6. Bg5 e6 7. f4 h6 8. Bh4 Be7 9. Qf3 Qc7 10.
O-O-O Nbd7 11. Be2 b5 12. Bxf6 gxf6 13. f5 Ne5 14. Qh5 b4 15. Na4 Bd7 16. b3 Bxa4 17. bxa4 exf5 18. Kb1 fxe4 19. Rhe1 Qa5 20. Bf1 O-O-O 21.
Rxe4 Qxa4 22. Qh3+ Kb7 23. Nf5 Bf8 24. g4 d5 25. Red4 Rc8 26. Bd3 Nc4 27. Bxc4 dxc4 28.
Rd7+ Rc7 29. Rxc7+ Kxc7 30. Qg3+ Kc8 31. Qf3 Kc7 32.
Qa8 b3 33. Qd8+ Kb7 34. Rd7+ Kc6 35. Qc7+ Kb5 36. Rd5+ Kb4 37. Qb6+ Kc3 38. Qd4+ Kb4 39.
a3+ Kxa3 40. Qa1+ Kb4 41. c3# 1-0

[Event "*** Titled Tuesday Blitz"]
[Site "Chess.com"]
[Date "2020.02.04"]
[Round "4"]
[White "Blitzstream"]
[Black "PotapovaM"]
[Result "1-0"]
[WhiteElo "2725"]
[BlackElo "2515"]
[TimeControl "180+2"]
[EndTime "13:50:54 PST"]
[Termination "Blitzstream won by resignation"]

1. d4 Nf6 2. Bg5 Ne4 3. Bh4 d5 4. f3 Nf6 5. Nc3 e6 6. e4 Be7 7. Bg3 O-O 8. Qd2 a6 9. h4 b5 10. e5 Nfd7 11. Nd1 c5 12. c3 Nc6 13. Bf2 Bb7 14. Bd3 Rc8 15. Ne2 b4 16. O-O Bxh4 17. Qf4 Bg5 18. Qh2 h6 19. f4 Be7 20. g4 a5 21. g5 Kh8 22. Ne3 cxd4 23. cxd4 a4 24. Ng4 Bxg5 25. fxg5 Qxg5 26. Qg3 h5 27. Ne3 Qxg3+ 28.
Bxg3 g5 29. Be1 Kg7 30. Bd2 f5 31. exf6+ Nxf6 32. Nc2 b3 33. axb3 axb3 34. Nb4 Nxb4 35. Bxb4 Rf7 36. Bd6 Ne4 37. Rxf7+ Kxf7 38. Bxe4 dxe4 39.
Ra7 Rc2 40. Rxb7+ Kg6 41. Ng3 e3 42. Rxb3 h4 43. Rxe3 hxg3 44. b4 Rd2 45. Be5 Rb2 46. Bd6 Rd2 47. Bc5 g2 48. Rb3 Kh5 49. b5 g4 50. b6 Kh4 51. Be7+ Kh5 52. b7 1-0

[Event "*** Titled Tuesday Blitz"]
[Site "Chess.com"]
[Date "2020.02.04"]
[Round "4"]
[White "Lagmantr"]
[Black "Mikhail_Golubev"]
[Result "1-0"]
[WhiteElo "2747"]
[BlackElo "2551"]
[TimeControl "180+2"]
[EndTime "13:50:55 PST"]
[Termination "Lagmantr won by checkmate"]

1. e4 c5 2. Nf3 d6 3. d4 Nf6 4. Bd3 cxd4 5. Nxd4 g6 6. O-O Bg7 7. Nc3 O-O 8. Re1 Nc6 9. Nf3 Bg4 10. h3 Bxf3 11. Qxf3 Nd7 12. Bf4 Rc8 13. Rad1 a6 14.
Qg3 b5 15. a4 b4 16. Nd5 e6 17.
Ne3 e5 18. Bg5 f6 19. Bh4 Nc5 20. Bc4+ Kh8 21. Qg4 Nd4 22. c3 bxc3 23. bxc3 f5 24.
exf5 gxf5 25. Qxg7+ Kxg7 26. Bxd8 Nc6 27. Bb6 f4 28. Bxc5 dxc5 29. Rd7+ Kf6 30. Ng4+ Kf5 31. Bd3+ Ke6 32. Rxh7 Rcd8 33. Rh6+ Kd7 34. Bxa6 Kc7 35. Nxe5 Nxe5 36. Rxe5 Rd1+ 37. Kh2 f3 38. Re7+ Kb8 39. Rb6+ Ka8 40. Bb7+ Ka7 41. Ra6+ Kb8 42. Ra8# 1-0

[Event "*** Titled Tuesday Blitz"]
[Site "Chess.com"]
[Date "2020.02.04"]
[Round "4"]
[White "temus_galaktionov"]
[Black "enriquetejedor"]
[Result "1/2-1/2"]
[WhiteElo "2694"]
[BlackElo "2486"]
[TimeControl "180+2"]
[EndTime "13:51:08 PST"]
[Termination "Game drawn by stalemate"]

1. d4 d5 2. Nf3 Nf6 3. c4 dxc4 4. e3 a6 5. a4 c5 6. Bxc4 e6 7. Nc3 Nc6 8. d5 exd5 9. Nxd5 Nxd5 10. Bxd5 Be6 11. Bxe6 Qxd1+ 12. Kxd1 fxe6 13. Bd2 Be7 14.
Bc3 Bf6 15. Rc1 O-O-O+ 16. Ke2 Bxc3 17. bxc3 b6 18. Rhd1 h6 19. g4 Kc7 20. h4 Rhf8 21.
h5 Rf7 22. Rxd8 Kxd8 23. Rd1+ Rd7 24. Rxd7+ Kxd7 25. c4 Kd6 26. Kd3 Ke7 27. Ke4 Kf6 28.
Nd2 Ne5 29. f3 Nf7 30. f4 Nd6+ 31. Kd3 Ke7 32. Ne4 Ne8 33. a5 bxa5 34. Nxc5 Nc7 35. e4 e5 36. fxe5 Ne6 37. Nxa6 a4 38. Kc3 Kd7 39.
Kb4 Kc6 40. Kxa4 Ng5 41. Kb3 Nxe4 42. Kc2 Nf2 43. Nb4+ Kd7 44. Kc3 Nxg4 45. Kd4 Ke6 46. Nd3 Nh2 47. Ke4 Nf1 48. Nf4+ Ke7 49. c5 Ng3+ 50. Kd5 Nf5 51. c6 Ne3+ 52. Kc5 Ng4 53.
e6 Nf2 54. c7 Ne4+ 55. Kd5 Nd6 56. Ng6+ Ke8 57. Kxd6 1/2-1/2

[Event "*** Titled Tuesday Blitz"]
[Site "Chess.com"]
[Date "2020.02.04"]
[Round "4"]
[White "reigningmvp"]
[Black "novocane"]
[Result "1-0"]
[WhiteElo "2362"]
[BlackElo "2144"]
[TimeControl "180+2"]
[EndTime "13:51:08 PST"]
[Termination "reigningmvp won by resignation"]

1. e4 c5 2. Nf3 Nc6 3. Bb5 Nf6 4. Nc3 g6 5. Bxc6 dxc6 6. O-O Bg7 7. d3 O-O 8. h3 b6 9. Nh2 Ne8 10. f4 c4 11. f5 cxd3 12. cxd3 Ba6 13. Rf3 Nf6 14.
g4 Nd7 15. d4 c5 16. Be3 cxd4 17. Bxd4 Ne5 18. Bxe5 Bxe5 19. Nd5 e6 20. Nc3 Qc7 21. Nf1 Rad8 22. Qe1 exf5 23. gxf5 Bb7 24. f6 Qd6 25. Qh4 Rfe8 26. Rd1 Qf8 27. Nd5 Bxd5 28. exd5 Rd6 29. Ne3 Bxf6 30. Rxf6 Rxf6 31. Qxf6 Rxe3 32. d6 Re8 33. d7 Rd8 34. Rd6 h5 35. h4 Kh7 36.
Kg2 b5 37. b4 a6 38. a3 Kg8 39.
Kh3 Kh7 40. Kg3 Kg8 41. Kf3 Kh7 42. Ke4 Kg8 43. Kd5 Kh7 44. Kc6 Kg8 45. Kc7 Ra8 46. d8=Q Ra7+ 47. Kc6 1-0

[Event "*** Titled Tuesday Blitz"]
[Site "Chess.com"]
[Date "2020.02.04"]
[Round "4"]
[White "CM_Perligero"]
[Black "mortngabriel"]
[Result "0-1"]
[WhiteElo "2090"]
[BlackElo "2425"]
[TimeControl "180+2"]
[EndTime "13:51:09 PST"]
[Termination "mortngabriel won by resignation"]

1. d4 Nf6 2. c4 e6 3. Nc3 Bb4 4. Qc2 O-O 5. e3 b6 6. Nf3 Bb7 7. Bd3 d5 8. cxd5 exd5 9. O-O Nbd7 10. Ne2 Bd6 11. Ng3 g6 12. b3 Rc8 13. Bb2 Qe7 14.
Rac1 c5 15. dxc5 bxc5 16. Qc3 d4 17. exd4 Bxf3 18. gxf3 Nd5 19. Qa5 Nf4 20. Ba6 Qh4 21. Rfe1 c4 22. Ne2 Nxe2+ 23. Kf1 Nf4 24. Re4 Qh3+ 25.
Ke1 Nd3+ 26. Ke2 Rce8 27. Rg1 Rxe4+ 28. fxe4 Nxb2 29. Qd2 Qd3+ 30. Qxd3 cxd3+ 31. Kd2 Bb4+ 32. Kc1 Bc3 33. d5 d2+ 34. Kc2 d1=Q+ 35. Rxd1 Nxd1 36. Kxd1 Nc5 37. Bc4 0-1

[Event "*** Titled Tuesday Blitz"]
[Site "Chess.com"]
[Date "2020.02.04"]
[Round "4"]
[White "albi1999"]
[Black "Manukyan_Artak"]
[Result "0-1"]
[WhiteElo "2488"]
[BlackElo "2348"]
[TimeControl "180+2"]
[EndTime "13:51:11 PST"]
[Termination "Manukyan_Artak won by resignation"]

1. d4 Nf6 2. c4 e6 3. Nf3 b6 4.
g3 Bb7 5. Bg2 c5 6. d5 exd5 7. cxd5 d6 8. Nc3 g6 9. O-O Bg7 10. e4 O-O 11. a4 Re8 12. Re1 Na6 13. Nd2 h5 14. Nc4 Ng4 15. Bf4 Ne5 16. Nxe5 Bxe5 17.
Bxe5 dxe5 18. Qd2 Nb4 19. f4 Ba6 20. f5 Qf6 21. Bh3 g5 22. Bf1 Bxf1 23. Rxf1 Kg7 24. a5 g4 25. Rfd1 Qh6 26. Qxh6+ Kxh6 27. Rd2 Red8 28.
b3 Kg5 29. Kf2 Kf6 30. Ke3 Ke7 31. Na2 Nxa2 32. Rdxa2 b5 33. Rc2 Kd6 34. h3 Rg8 35.
Rh1 f6 36. hxg4 Rxg4 37. Rg2 Rag8 38. Kf3 R4g5 39. Rc1 a6 40. Rc3 Rh8 41. Rh2 Rg4 42. Rh3 Rhg8 43. Rc2 R4g5 44. Rc3 Rh8 45. Rc1 Rhg8 46.
Kf2 Rh8 47. Rc3 Rg4 48. Kf3 Rg5 49. Rh1 Rhg8 50. Kf2 Rh8 51. Rhc1 Rc8 52. Kf3 Rg7 53. Rh1 Rg5 54. g4 Rxg4 55. Rxh5 Rf4+ 56. Ke3 Rg8 57.
Rh3 Rgg4 58. Kd2 Rxe4 59. Rh6 Rg2+ 0-1

[Event "*** Titled Tuesday Blitz"]
[Site "Chess.com"]
[Date "2020.02.04"]
[Round "4"]
[White "GadimbayliA"]
[Black "Tayson_7"]
[Result "0-1"]
[WhiteElo "2901"]
[BlackElo "2685"]
[TimeControl "180+2"]
[EndTime "13:51:12 PST"]
[Termination "Tayson_7 won by checkmate"]

1. e4 c5 2. Nf3 d6 3. Bb5+ Nd7 4. O-O a6 5. Be2 Ngf6 6. d3 g6 7. c4 Bg7 8. Nc3 O-O 9. h3 b5 10. cxb5 axb5 11. Nxb5 Qb6 12. Nc3 Ba6 13. Qc2 Rfb8 14. b3 Nf8 15. Be3 Ne6 16. Rab1 Rc8 17. Qd2 Nd4 18.
Na4 Nxe2+ 19. Qxe2 Qb5 20. e5 Nd5 21. Rfd1 dxe5 22. Bc1 Nb4 23. Nxe5 Nxa2 24. Nc4 Nxc1 25. Rdxc1 Rc7 26. Nab6 Rd8 27. Qf3 Bb7 28. Qe2 Bd4 29.
Kh1 Rc6 30. Na4 Re6 31. Qf1 Rf6 32. f3 Qc6 33. Re1 Qc7 34. Rbc1 Qg3 35. Rxe7 Rxf3 36. Rxb7 Rxf1+ 37. Rxf1 Rf8 38. Nab6 Qxd3 39. Rf3 Qd1+ 40. Kh2 Qg1+ 41. Kg3 Qe1+ 42. Kf4 Re8 43. Nd7 Re4+ 44. Kg5 Qh4# 0-1

[Event "*** Titled Tuesday Blitz"]
[Site "Chess.com"]
[Date "2020.02.04"]
[Round "4"]
[White "almaguerjm"]
[Black "Alexander_Moskalenko"]
[Result "1-0"]
[WhiteElo "2413"]
[BlackElo "2815"]
[TimeControl "180+2"]
[EndTime "13:51:12 PST"]
[Termination "almaguerjm won on time"]

1. d4 g6 2. Nf3 Bg7 3. e4 d6 4.
Bg5 c6 5. Bc4 Qb6 6. Bb3 a5 7. a4 Bg4 8. Be3 Bxf3 9. Qxf3 Nf6 10. e5 Nd5 11. Nc3 e6 12. exd6 O-O 13. Ne4 Nd7 14. Rd1 Nxe3 15. fxe3 Qb4+ 16. Ke2 Rae8 17. Rhf1 f5 18. Qh3 Nf6 19. Nc5 Nd5 20. c3 Qb6 21.
Rd2 Qd8 22. e4 fxe4 23. Nxe6 Qxd6 24. Nxf8 Bxf8 25. Qg3 Qe6 26. c4 Nb4 27. d5 cxd5 28.
cxd5 Qa6+ 29. Ke1 Nd3+ 30. Kd1 Bh6 31. d6+ Kh8 32. d7 Rd8 33. Rxd3 Qxd3+ 34. Qxd3 exd3 35. Be6 Bg5 36. Rf3 d2 37. g3 Kg7 38. h4 Bh6 39. Rf7+ Kh8 40. Re7 Re8 41. dxe8=Q+ 1-0

[Event "*** Titled Tuesday Blitz"]
[Site "Chess.com"]
[Date "2020.02.04"]
[Round "4"]
[White "Funkmaus"]
[Black "djano"]
[Result "0-1"]
[WhiteElo "2176"]
[BlackElo "2377"]
[TimeControl "180+2"]
[EndTime "13:51:13 PST"]
[Termination "djano won by checkmate"]

1. d4 Nf6 2. Nf3 c5 3. c3 g6 4. Bf4 Bg7 5. e3 O-O 6. Be2 b6 7. O-O Bb7 8. Nbd2 d6 9. a4 Nbd7 10. h3 Nd5 11. Bh2 cxd4 12. exd4 f5 13. Ng5 Rf6 14.
Qb3 Kh8 15. Bc4 Qg8 16. Rfe1 h6 17. Ngf3 Re8 18. Re2 f4 19. Rae1 e6 20. Ne4 Qf8 21. Nxf6 Qxf6 22. Nd2 g5 23. Ne4 Qf8 24. Qa3 f3 25. gxf3 Qxf3 26. Qxd6 N7f6 27. Qg3 Qh5 28. Nd6 Bc6 29. Nxe8 Nf4 30. Nxg7 Kxg7 31. Re3 Qg6 32. Bxe6 Ne4 33. Qg4 Nxe6 34. Be5+ Kg8 35. Rxe4 h5 36. Qe2 Qf5 37. f4 gxf4 38. Qg2+ Kh7 39. c4 f3 40. Qg3 Bxe4 41. d5 Ng5 42. h4 f2+ 43. Qxf2 Nh3+ 44. Kf1 Qxf2# 0-1

[Event "*** Titled Tuesday Blitz"]
[Site "Chess.com"]
[Date "2020.02.04"]
[Round "4"]
[White "EugeneRougon"]
[Black "Supernotar"]
[Result "0-1"]
[WhiteElo "2725"]
[BlackElo "2560"]
[TimeControl "180+2"]
[EndTime "13:51:17 PST"]
[Termination "Supernotar won by resignation"]

1. e4 c6 2. d4 d5 3. Nc3 dxe4 4. Nxe4 Bf5 5. Ng3 Bg6 6. h4 h6 7. Nf3 Nd7 8. h5 Bh7 9. Bd3 Bxd3 10. Qxd3 e6 11. Bd2 Ngf6 12. O-O-O Be7 13. Kb1 O-O 14. Nf1 c5 15. Ne3 cxd4 16. Qxd4 Nc5 17. Bb4 Qb6 18. Ne5 Rad8 19. Qc4 Na4 20. a3 a5 21. Rxd8 Rxd8 22. Qb3 axb4 23. Qxa4 bxa3 24. N5c4 Qc7 25.
Nxa3 Rd2 26. Rf1 Bxa3 27. Qxa3 Nxh5 28. Qb4 Qd7 29. Kc1 Rd4 30. Qc5 Nf4 31. b3 Ne2+ 32.
Kb2 b5 33. Ra1 Kh7 34. Ra8 Rf4 35. f3 Qd2 36. Ra1 Rd4 37. Rd1 Qxe3 38. Rxd4 Qxd4+ 39. Qxd4 Nxd4 40. c4 bxc4 41. bxc4 Kg6 42. Kc3 Nc6 43.
c5 Kf6 44. Kc4 Ke7 45. Kb5 Kd7 46. Kb6 h5 47. g4 h4 0-1

[Event "*** Titled Tuesday Blitz"]
[Site "Chess.com"]
[Date "2020.02.04"]
[Round "4"]
[White "SlavenPastar"]
[Black "Gabrielian_Artur"]
[Result "0-1"]
[WhiteElo "2487"]
[BlackElo "2768"]
[TimeControl "180+2"]
[EndTime "13:51:19 PST"]
[Termination "Gabrielian_Artur won by resignation"]

1. d4 Nf6 2. c4 c5 3. d5 e6 4.
Nc3 exd5 5. cxd5 d6 6. Nf3 g6 7. Bg5 Bg7 8. e3 h6 9. Bh4 g5 10. Bg3 Nh5 11. Be2 Nxg3 12. hxg3 a6 13. a4 Qe7 14. Nd2 Nd7 15. Nc4 Ne5 16. Qb3 Nxc4 17. Qxc4 Bf5 18. Bd3 Bd7 19. Qb3 Bg4 20. Be2 Bxe2 21.
Nxe2 h5 22. a5 Rb8 23. Ra4 Qe5 24. Nc3 f5 25. Rc4 Kf7 26. Qd1 Kg6 27. Ra4 b5 28.
axb6 Rxb6 29. Ra2 g4 30. Qd3 Rhb8 31. Ne2 Qe4 32. Nf4+ Kf7 33. Qxe4 fxe4 34. Rxh5 Rxb2 35. Rxb2 Rxb2 36. Rf5+ Ke8 37. Rg5 Bc3+ 38. Kd1 a5 39. Rxg4 a4 40. Rg8+ Kf7 41. Ra8 Ra2 42. f3 a3 43.
fxe4 Rd2+ 44. Kc1 a2 45. Ra7+ Kf6 46. e5+ dxe5 47. Nd3 Rxd3 48. Kc2 Rxe3 49. d6 Ke6 50.
d7 Ke7 51. Rxa2 Re2+ 0-1

[Event "*** Titled Tuesday Blitz"]
[Site "Chess.com"]
[Date "2020.02.04"]
[Round "4"]
[White "MikeSailer"]
[Black "Everyfishknows"]
[Result "0-1"]
[WhiteElo "2115"]
[BlackElo "2328"]
[TimeControl "180+2"]
[EndTime "13:51:19 PST"]
[Termination "Everyfishknows won on time"]

1. Nf3 Nf6 2. b4 e6 3. a3 a5 4. b5 d5 5. Bb2 Nbd7 6. e3 c5 7. Be2 Bd6 8. O-O O-O 9. c4 b6 10. d4 Bb7 11. Nbd2 Qe7 12. a4 Rfd8 13. Rc1 Rac8 14.
h3 cxd4 15. Nxd4 Nc5 16. Bf3 Nd3 17. Qb3 Nxc1 18. Rxc1 Bb4 19. Nb1 dxc4 20. Rxc4 Rxc4 21. Qxc4 Rc8 22. Nc6 Bxc6 23. bxc6 Nd5 24. e4 Nf6 25.
Nc3 Bxc3 26. Bxc3 Qc7 27. Bxf6 gxf6 28. e5 Qxe5 29. Qg4+ Kh8 30. Qh4 Rg8 31. g3 Rg6 32.
Kg2 Kg7 33. Qc4 Qc7 34. h4 f5 35. Qd4+ e5 36. Qd5 e4 37. Bh5 Qxc6 38. Qxf5 Rf6 39.
Qg5+ Kh8 40. Kg1 Qe6 41. Qe3 Kg7 42. Qxe4 Qxe4 0-1

[Event "*** Titled Tuesday Blitz"]
[Site "Chess.com"]
[Date "2020.02.04"]
[Round "4"]
[White "FairChess_on_YouTube"]
[Black "alishersuleymenov"]
[Result "1-0"]
[WhiteElo "3031"]
[BlackElo "2800"]
[TimeControl "180+2"]
[EndTime "13:51:20 PST"]
[Termination "FairChess_on_YouTube won by resignation"]

1. d4 g6 2. e4 Bg7 3. Nf3 d6 4.
Bc4 Nf6 5. Qe2 O-O 6. e5 dxe5 7. dxe5 Nd5 8. O-O c6 9. h3 Na6 10. Rd1 Qa5 11. Bd2 Qc5 12. Nc3 Be6 13. Bb3 h6 14.
Ne4 Qb6 15. c4 Ndc7 16. Qe1 c5 17. Bf4 Nb4 18. Qe3 g5 19. Bg3 Bf5 20. Nxc5 Rad8 21.
h4 g4 22. Nd4 Bg6 23. Na4 Qa5 24. a3 Nba6 25. Nc3 Qb6 26. Ba2 Qa5 27. Nd5 e6 28.
b4 Qa4 29. Bb3 Qe8 30. Nf6+ Bxf6 31. exf6 Kh7 32. b5 e5 33. bxa6 exd4 34. Qxe8 Nxe8 35. axb7 Nxf6 36. c5 Be4 37. Be5 Nd7 38. Bd6 Rfe8 39. Bxf7 Rh8 40. Rab1 Nf6 41. b8=Q Rxb8 42. Rxb8 1-0

[Event "*** Titled Tuesday Blitz"]
[Site "Chess.com"]
[Date "2020.02.04"]
[Round "4"]
[White "renehp"]
[Black "bait_or_mate"]
[Result "0-1"]
[WhiteElo "2361"]
[BlackElo "2522"]
[TimeControl "180+2"]
[EndTime "13:51:20 PST"]
[Termination "bait_or_mate won by resignation"]

1. e4 c5 2. Nf3 e6 3. d4 cxd4 4.
Nxd4 Nc6 5. Nc3 Qc7 6. Be3 a6 7. Bd3 Nf6 8. O-O Ne5 9. f4 Neg4 10. Bd2 Bc5 11. Ne2 e5 12. fxe5 d5 13. exd5 Nxd5 14. Qe1 Qxe5 15. Qg3 Bxd4+ 16. Nxd4 Qxd4+ 17. Kh1 O-O 18. h3 Nge3 19. Rf3 Nf5 20. Qh2 Nh4 21. Rg3 Ng6 22. Rf1 Be6 23. c4 Nde7 24. Bc3 Qd6 25.
h4 h5 26. Be2 Nf5 27. Rg5 Qxh2+ 28. Kxh2 Ne3 29. Rf3 Ng4+ 30. Kg3 Rac8 31. Bd3 Bxc4 32. Bxg6 fxg6 33. Rxg6 Rc7 34. Rg5 Be2 35. Rxf8+ Kxf8 36. Rxh5 Nf6 37. Re5 Bc4 38. Kf3 Rd7 39. g4 Bd5+ 40. Kf4 Bf7 41. g5 Nd5+ 42. Kf5 Nxc3 43. bxc3 g6+ 44.
Kf6 Rd6+ 0-1

[Event "*** Titled Tuesday Blitz"]
[Site "Chess.com"]
[Date "2020.02.04"]
[Round "4"]
[White "amiralfio"]
[Black "Abund"]
[Result "0-1"]
[WhiteElo "2523"]
[BlackElo "2729"]
[TimeControl "180+2"]
[EndTime "13:51:21 PST"]
[Termination "Abund won by resignation"]

1. d4 Nf6 2. Bf4 g6 3. Nc3 d5 4. e3 Bg7 5. h4 h5 6. Nf3 Bf5 7. Ne5 Nbd7 8. f3 c6 9. Be2 Nxe5 10. Bxe5 Be6 11. g4 Kf8 12. g5 Nd7 13. Bxg7+ Kxg7 14. Qd2 b5 15. e4 b4 16. Na4 Qa5 17. b3 Rab8 18. a3 Qc7 19. axb4 Qg3+ 20. Kd1 dxe4 21. fxe4 Qg2 22. Re1 Qxe4 23. Bc4 Qg4+ 24. Kc1 Bxc4 25.
bxc4 Rhe8 26. Nc5 Nxc5 27. bxc5 Rb7 28. Qf2 Rd8 29. Rd1 Rbd7 30. c3 e5 31. Qf6+ Kg8 32. Qxe5 Qxh4 33. Ra2 Qh3 34. Rc2 Rb7 35. d5 Rdb8 36.
dxc6 Rb1+ 37. Kd2 Rd8+ 38. Qd6 Rxd6+ 39. cxd6 Qh2+ 40. Ke3 Qe5+ 41. Kf2 Rxd1 42. c7 Qc5+ 43. Ke2 Rxd6 0-1

[Event "*** Titled Tuesday Blitz"]
[Site "Chess.com"]
[Date "2020.02.04"]
[Round "4"]
[White "Sajkochess"]
[Black "vanyakuba"]
[Result "1-0"]
[WhiteElo "2305"]
[BlackElo "2397"]
[TimeControl "180+2"]
[EndTime "13:51:21 PST"]
[Termination "Sajkochess won on time"]

1. e4 d5 2. exd5 Qxd5 3. Nc3 Qa5 4. Bc4 Nf6 5. d3 Bg4 6. f3 Bd7 7. Qe2 Nc6 8. Bd2 Nd4 9. Qd1 Qb6 10. Nge2 c5 11.
Nxd4 cxd4 12. Ne4 e6 13. O-O Be7 14. a4 a5 15. b3 Nd5 16. Qe2 O-O 17. Ng3 Rfe8 18.
Rae1 Nc3 19. Bxc3 dxc3+ 20. Kh1 Bf6 21. f4 Bc6 22. Ne4 Qd4 23. Nxf6+ Qxf6 24. Qe5 Qxe5 25. Rxe5 Kf8 26. Rfe1 Red8 27. f5 exf5 28. Rxf5 f6 29. Rh5 h6 30. Rh3 Re8 31. Rhe3 Rxe3 32. Rxe3 Re8 33. Rxe8+ Kxe8 34. Kg1 Ke7 35. Kf2 Kd6 36. g3 Kc5 37. Ke3 g5 38. d4+ Kb4 39. Be6 Ka3 40. d5 Be8 41. d6 Kb2 42. Bf5 h5 43. h4 gxh4 44. gxh4 Kc1 45. Kd3 Kb2 46. Kc4 Bc6 47. Kc5 1-0

[Event "*** Titled Tuesday Blitz"]
[Site "Chess.com"]
[Date "2020.02.04"]
[Round "4"]
[White "Teidi96"]
[Black "ZenBull"]
[Result "1-0"]
[WhiteElo "2297"]
[BlackElo "2095"]
[TimeControl "180+2"]
[EndTime "13:51:21 PST"]
[Termination "Teidi96 won by resignation"]

1. e4 c5 2. Nf3 e6 3. c3 Nf6 4. e5 Nd5 5. d4 cxd4 6. cxd4 b6 7. Bc4 Bb7 8. O-O Be7 9. Nc3 Nxc3 10. bxc3 O-O 11. Qe2 Qc7 12. Bf4 Nc6 13. Bd3 Na5 14. Rac1 Rac8 15. Ng5 h6 16. Ne4 f5 17. exf6 Qxf4 18. fxe7 Rf7 19. g3 Qb8 20. Qh5 Rxe7 21. Qg6 Rf8 22. Nd2 Rf6 23. Qh7+ Kf7 24. Be2 Qg8 25. Qd3 g6 26. f4 Kg7 27. c4 Kh8 28. Bf3 d6 29. Rce1 Bxf3 30. Rxf3 Qf7 31.
Ne4 Rf5 32. Nxd6 Qf6 33. Nxf5 exf5 34. Rxe7 Qxe7 35. Re3 Qb4 36. Re8+ Kg7 37. Qe2 Nxc4 38. Qe7+ Qxe7 39. Rxe7+ Kf6 40. Rxa7 g5 41. Kf2 gxf4 42. gxf4 Ke6 43. Ke2 Kd5 44. Kd3 Nb2+ 45. Kc3 Nd1+ 46. Kd2 Nf2 47. Ra6 Kxd4 48. Rxb6 Ke4 49. Rxh6 Kxf4 50. a4 Ne4+ 51. Ke1 Ke3 52. Re6 f4 53. h4 f3 54. Rxe4+ Kxe4 55. Kf2 1-0

[Event "*** Titled Tuesday Blitz"]
[Site "Chess.com"]
[Date "2020.02.04"]
[Round "4"]
[White "Hrant_ChessMood"]
[Black "Bathory44"]
[Result "1-0"]
[WhiteElo "2897"]
[BlackElo "2593"]
[TimeControl "180+2"]
[EndTime "13:51:24 PST"]
[Termination "Hrant_ChessMood won on time"]

1. e4 e6 2. d4 d5 3. Nc3 Nf6 4. Bg5 Be7 5. e5 Nfd7 6. h4 h6 7.
Bxe7 Qxe7 8. Qd2 O-O 9. f4 c5 10. Nf3 Nc6 11. dxc5 Nxc5 12. Bd3 a6 13. O-O-O b5 14.
g4 b4 15. Ne2 a5 16. Ned4 Nxd4 17. Nxd4 Ba6 18. h5 Nxd3+ 19. cxd3 Qc5+ 20. Nc2 b3 21. axb3 Rab8 22. d4 Qc7 23. Rh3 Rfc8 24. g5 a4 25. bxa4 Qb6 26. b3 Bc4 27. b4 Qa6 28. a5 Be2 29.
Re1 Bg4 30. Rc3 Rxc3 31. Qxc3 Rc8 32. b5 Qa8 33. Qa3 Rc4 34. a6 Qc8 35. Qa2 Bf5 36. Re2 hxg5 37. fxg5 Qb8 38. a7 Qa8 39. b6 Kh7 40. g6+ fxg6 41. hxg6+ Kxg6 42. b7 Qxb7 43. a8=Q Qb4 44. Qe8+ Kg5 45. Qd8+ Kg4 46. Qda5 1-0

[Event "*** Titled Tuesday Blitz"]
[Site "Chess.com"]
[Date "2020.02.04"]
[Round "4"]
[White "AvitalBor"]
[Black "DamianoLew95"]
[Result "1-0"]
[WhiteElo "2751"]
[BlackElo "2593"]
[TimeControl "180+2"]
[EndTime "13:51:25 PST"]
[Termination "AvitalBor won on time"]

1. e4 c5 2. Nf3 d6 3. Bb5+ Bd7 4. Bxd7+ Nxd7 5. O-O Ngf6 6. Qe2 e6 7. c3 Be7 8. d4 cxd4 9. cxd4 d5 10. e5 Ne4 11.
Rd1 O-O 12. Ne1 h6 13. f3 Ng5 14. Nc3 Rc8 15. f4 Nh7 16. Nf3 Bb4 17. Bd2 Nb6 18. a3 Bxc3 19. Bxc3 Qd7 20. Bb4 Rfe8 21. b3 Rc6 22.
Bc5 a6 23. a4 Rec8 24. a5 Na8 25. b4 Nc7 26. Kh1 Nb5 27. Qd3 h5 28. Rg1 g6 29.
g3 Kg7 30. g4 hxg4 31. Rxg4 Rh8 32. Rag1 Nf8 33. Kg2 Rh5 34. Kf2 Qe8 35. h4 Nd7 36. Rg5 Rxg5 37. Rxg5 Nxc5 38. dxc5 Qh8 39. h5 Qh6 40. Kg3 Rc8 41. Nh4 Rg8 42. hxg6 fxg6 43. Qxg6+ Qxg6 44. Rxg6+ Kf7 45. Rxg8 Kxg8 46. Nf3 Kf7 47.
Kf2 Kg6 48. Ke3 Kf7 49. Nd4 Na3 50. f5 exf5 51. Nxf5 Ke6 52. Kf4 Nc2 53. b5 axb5 54. c6 Nb4 55. Nd4+ Ke7 56. cxb7 Na6 57. Nxb5 Kd7 58. Kf5 Kc6 59. e6 1-0

[Event "*** Titled Tuesday Blitz"]
[Site "Chess.com"]
[Date "2020.02.04"]
[Round "4"]
[White "Lovkov_Roman"]
[Black "marcodobrikov"]
[Result "1-0"]
[WhiteElo "2715"]
[BlackElo "2514"]
[TimeControl "180+2"]
[EndTime "13:51:25 PST"]
[Termination "Lovkov_Roman won by checkmate"]

1. e4 c5 2. c3 Nf6 3. e5 Nd5 4.
d4 cxd4 5. cxd4 Nc6 6. Nf3 d6 7. Bc4 Nb6 8. Bb5 Bd7 9. Nc3 a6 10. Bxc6 bxc6 11. h3 d5 12. O-O Bf5 13. Nh4 e6 14.
Nxf5 exf5 15. Na4 Be7 16. Qc2 Qc7 17. Bd2 Nxa4 18. Qxa4 O-O 19. Rac1 Rfc8 20. Bb4 Bxb4 21. Qxb4 Qb8 22. Qa3 a5 23. Rc2 Qb4 24. Qd3 g6 25. Rfc1 a4 26. h4 Rab8 27. h5 Rb6 28. Qe3 Qe7 29.
b3 axb3 30. axb3 Kg7 31. Rc5 Qb7 32. R1c3 Rb8 33. Qg5 Qc8 34. h6+ Kg8 35. Qf6 Qf8 36. e6 fxe6 37. Qxe6+ Qf7 38. Qe5 Rxb3 39. Rxb3 Rxb3 40.
Rxc6 Rb1+ 41. Kh2 Qf8 42. Qxd5+ Kh8 43. Qe5+ Kg8 44. Qe6+ Kh8 45. Rc8 Qxc8 46. Qxc8# 1-0

[Event "*** Titled Tuesday Blitz"]
[Site "Chess.com"]
[Date "2020.02.04"]
[Round "4"]
[White "DonPreuss"]
[Black "benhal"]
[Result "0-1"]
[WhiteElo "2219"]
[BlackElo "2515"]
[TimeControl "180+2"]
[EndTime "13:51:25 PST"]
[Termination "benhal won on time"]

1. d4 f5 2. e4 fxe4 3. Nc3 Nf6 4. Bg5 g6 5. Bxf6 exf6 6. Nxe4 Bg7 7. Bd3 O-O 8. c3 Re8 9. Ne2 d5 10. N4g3 Nc6 11. Qd2 f5 12. O-O-O Be6 13. h4 a5 14.
h5 a4 15. hxg6 hxg6 16. Nf4 Bf7 17. Bb5 a3 18. b3 Ra5 19. Bxc6 bxc6 20. Nd3 Qd6 21. Nc5 Rxc5 22. dxc5 Qxc5 23. Kc2 d4 24. Rde1 Rb8 25. f4 dxc3 26. Qd3 Bd5 27. Re2 Rxb3 28. Nxf5 Rb2+ 29. Kc1 gxf5 30. Re8+ Kf7 31. Qxf5+ Kxe8 32. Qc8+ Kf7 33. Qf5+ Kg8 34. Qh7+ Kf8 35. Qf5+ Ke7 36.
Re1+ Kd8 37. Qg5+ Kc8 38. Qxg7 Bxa2 39. Qh8+ Kb7 40. Qe5 Qf2 0-1